 Dungeon Crawl Stone Soup version 0.18.1-5-g4a78601 (webtiles) character file.

518 imganon the Chopper (level 7, -9/52 HPs)
             Began as a Demonspawn Berserker on May 13, 2016.
             Was a Priest of Trog.
             Mangled by DEFE's ghost (13 damage)
             ... on level 4 of the Dungeon.
             The game lasted 00:04:31 (3362 turns).

imganon the Chopper (Demonspawn Berserker)          Turns: 3362, Time: 00:04:32

Health: -9/52      AC: 11    Str: 22    XL:     7   Next: 1%
Magic:  0/7        EV: 11    Int:  8    God:    Trog [***...]
Gold:   118        SH:  0    Dex: 12    Spells: 0 memorised, 6 levels left

rFire  . . .     SeeInvis .     a - +0 hand axe
rCold  . . .     Gourm    .     j - +2 ring mail {rN+}
rNeg   + . .     Faith    .     (no shield)
rPois  .         Spirit   +     (helmet restricted)
rElec  .         Dismiss  .     (no cloak)
rCorr  .         Reflect  .     (no gloves)
SustAt +         Harm     .     (no boots)
MR     .....                    (no amulet)
Stlth  +.........               g - +3 ring of strength
                                f - ring of sustain attributes

@: exhausted, slowed, very slow, not resistant to hostile enchantments, very
unstealthy
A: antennae 1, rough black scales 1, magic shield, magic regeneration
a: Berserk, Trog's Hand, Burn Spellbooks, Renounce Religion


You were on level 4 of the Dungeon.
You worshipped Trog.
Trog was most pleased with you.
You were near starving.

You visited 1 branch of the dungeon, and saw 4 of its levels.

You collected 118 gold pieces.

Inventory:

Hand Weapons
 a - a +0 hand axe (weapon)
Armour
 j - a +2 ring mail of positive energy (worn)
Jewellery
 f - a ring of sustain attributes (left hand)
 g - a +3 ring of strength (right hand)
Scrolls
 d - 2 scrolls of magic mapping
 e - a scroll of noise {unknown}
 k - 3 scrolls of identify
 l - a scroll of recharging
 o - a scroll of amnesia {unknown}
Potions
 b - a potion of cure mutation {unknown}
 n - a potion of brilliance {unknown}
Comestibles
 c - 7 bread rations
 h - 2 meat rations
 i - a slice of pizza


   Skills:
 - Level 3.0 Fighting
 + Level 7.3 Axes
 - Level 1.7 Armour
 - Level 1.7 Dodging


You had 6 spell levels left.
You didn't know any spells.

Dungeon Overview and Level Annotations

Branches:
Dungeon (4/15)
 Temple: D:4-7

Altars:
Elyvilon
Pakellas
Qazlal
Trog
Vehumet
Zin

Annotations:
D:4 DEFE's ghost, novice GrFi


Innate Abilities, Weirdness & Mutations

You have a pair of small antennae on your head.
You are partially covered in rough black scales (AC +4, Dex -1).
When hurt, damage is shared between your health and your magic reserves.
You regenerate magic rapidly.


Message History

You feel yourself slow down.
You are near starving!
You hit DEFE's ghost but do no damage.
DEFE's ghost is severely damaged.
DEFE's ghost hits you.
* * * LOW HITPOINT WARNING * * *
DEFE's ghost hits you but does no damage.
You closely miss DEFE's ghost.
DEFE's ghost is severely damaged.
DEFE's ghost hits you.
* * * LOW HITPOINT WARNING * * *
Unknown command.
DEFE's ghost hits you.
* * * LOW HITPOINT WARNING * * *
DEFE's ghost hits you but does no damage.
A bat comes into view.
The bat moves out of view.
DEFE's ghost whispers, "The ORB doesn't exist."
DEFE's ghost hits you!
You die...

#......).####
########....# #....#
#....# ### #....+ ..#
##...# #.# #...########.#
+..........#.####.#
#...#.@W..........#####
#####.####.#.#######...
#.# #.#....# #.##
#######.####.####.####.#.
.)........##.....).....#.
..........##.............
........[.......#.#######
...........#..........#..
...........#..#.#.###.#.#


You could see DEFE's ghost.

Vanquished Creatures
  2 ogres (D:4)
  The ghost of imganon the Chopper, an amateur DsBe of Trog (D:3)
  A centaur zombie (D:4)
  An orc wizard (D:3)
  Ijyb (D:2)
  A worker ant (D:4)
  8 adders
  A worm (D:2)
  A dart slug (D:1)
  2 giant geckos
  3 orcs (D:3)
  7 bats
  4 giant cockroaches
  7 goblins
  6 hobgoblins
  10 jackals (D:1)
  13 kobolds
  A ball python (D:4)
  3 rats
73 creatures vanquished.

Notes
Turn   | Place    | Note
--------------------------------------------------------------
     0 | D:1      | imganon the Demonspawn Berserker began the quest for the Orb.
     0 | D:1      | Reached XP level 1. HP: 18/18 MP: 1/1
    79 | D:1      | Reached skill level 3 in Axes
   144 | D:1      | Gained mutation: You are partially covered in rough black scales (AC +4, Dex -1). [demonic ancestry]
   144 | D:1      | Reached XP level 2. HP: 10/24 MP: 2/2
   745 | D:1      | Reached ** piety under Trog
   883 | D:1      | Reached XP level 3. HP: 29/29 MP: 3/3
  1187 | D:1      | Reached skill level 4 in Axes
  1437 | D:2      | Noticed Ijyb
  1478 | D:2      | Killed Ijyb
  1478 | D:2      | Gained mutation: When hurt, damage is shared between your health and your magic reserves. [demonic ancestry]
  1478 | D:2      | Reached XP level 4. HP: 25/35 MP: 4/4
  1778 | D:2      | Found a glowing silver altar of Zin.
  1787 | D:2      | Found a white marble altar of Elyvilon.
  1787 | D:2      | Found an oddly glowing altar of Pakellas.
  1789 | D:2      | Found a radiant altar of Vehumet.
  1789 | D:2      | Found a stormy altar of Qazlal.
  1898 | D:2      | Reached skill level 5 in Axes
  1976 | D:2      | Found a bloodstained altar of Trog.
  2149 | D:3      | Noticed imganon's ghost (amateur DsBe)
  2169 | D:3      | Killed imganon's ghost
  2169 | D:3      | Reached XP level 5. HP: 41/41 MP: 5/5
  2295 | D:3      | Reached skill level 6 in Axes
  2651 | D:3      | Gained mutation: You regenerate magic rapidly. [demonic ancestry]
  2651 | D:3      | Reached XP level 6. HP: 43/47 MP: 6/6
  2823 | D:3      | Reached *** piety under Trog
  3065 | D:4      | Reached skill level 7 in Axes
  3326 | D:4      | Gained mutation: You have a pair of small antennae on your head. [demonic ancestry]
  3326 | D:4      | Reached XP level 7. HP: 34/52 MP: 4/7
  3328 | D:4      | Noticed DEFE's ghost (novice GrFi)
  3357 | D:4      | HP: 2/52 [DEFE's ghost (1)]
  3362 | D:4      | Mangled by DEFE's ghost

Skill      XL: |  1  2  3  4  5  6 |
---------------+-------------------+-----
Axes           | 3 4 5 6 7 |  7.3
Fighting       | |  3.0
Armour         | |  1.7
Dodging        | |  1.7

Action                   |  1- 3 |  4- 6 |  7- 9 || total
-------------------------+-------+-------+-------++-------
Melee: Hand axe          |   173 |   190 |    25 ||   388
Invok: Berserk           |       |     1 |     1 ||     2
  Use: Scroll            |       |     3 |       ||     3
  Eat: Chunk             |     2 |     5 |       ||     7
       Pizza             |       |     1 |       ||     1
Armor: Animal skin       |    51 |       |       ||    51
       Ring mail         |       |    60 |     5 ||    65
Dodge: Dodged            |   131 |   113 |     7 ||   251
